 Dungeon Crawl Stone Soup version 0.29-a0-194-g6e3aafee17 (webtiles) character file.

Game seed: 7300647146294841378

25 cyrus the Skirmisher (level 3, -1/33 HPs)
             Began as a Hill Orc Fighter on Feb 22, 2022.
             Succumbed to Robin's poison
             ... on level 2 of the Dungeon.
             The game lasted 00:02:37 (688 turns).

cyrus the Skirmisher (Hill Orc Fighter)              Turns: 688, Time: 00:02:37

Health: -1/33      AC:  9    Str: 18    XL:     3   Next: 4%
Magic:  3/3        EV:  6    Int: 10    God:
Gold:   92         SH:  4    Dex: 10    Spells: 2/2 levels left

rFire   . . .      SeeInvis .   a - +0 war axe
rCold   . . .      Faith    .   c - +0 buckler
rNeg    . . .      Spirit   .   g - +0 chain mail
rPois   .          Reflect  .   (no helmet)
rElec   .          Harm     .   (no cloak)
rCorr   .          Rampage  .   (no gloves)
Will    .....                   (no boots)
Stlth   ..........              (no amulet)
HPRegen 0.11/turn               (no ring)
MPRegen 0.08/turn               (no ring)

@: mighty, lethally poisoned (-1 -> -13)
A: no striking features
a: no special abilities


You were on level 2 of the Dungeon.
You visited 1 branch of the dungeon, and saw 2 of its levels.

You collected 92 gold pieces.

Inventory:

Hand Weapons
 a - a +0 war axe (weapon)
Armour
 b - a +0 scale mail
 c - a +0 buckler (worn)
 g - a +0 chain mail (worn)
Scrolls
 e - a scroll of amnesia {unknown}
 h - a scroll of identify {unknown}
 k - a scroll of fog {unknown}
Potions
 d - 2 potions of might
 f - a potion of haste {unknown}
 i - a potion of mutation {unknown}
 j - a potion of flight {unknown}


   Skills:
 + Level 3.9 Fighting
 + Level 3.2 Axes
 + Level 3.6 Armour
 + Level 3.7 Shields


You had 2 spell levels left.
You didn't know any spells.
Your spell library contained the following spells:

 Spells                   Type           Power      Damage    Failure   Level
 Magic Dart               Conj           0%         1d3       100%        1
 Shock                    Conj/Air       0%         1d3       100%        1
 Searing Ray              Conj           0%         2d4       100%        2
 Gell's Gravitas          Tloc           0%         N/A       100%        3
 Lesser Beckoning         Tloc           0%         N/A       100%        3
 Swiftness                Air            0%         N/A       100%        3
 Teleport Other           Tloc           0%         N/A       100%        3
 Airstrike                Air            0%         N/A       100%        4
 Fulminant Prism          Conj/Hex       0%         3d6       100%        4


Dungeon Overview and Level Annotations

Branches:
Dungeon (2/15)

Altars:

Annotations:
D:2 Robin


Message History

You barely miss the goblin. The goblin barely misses you.
You slash the goblin!
You kill the goblin!
Robin throws the goblin at you!
The goblin unwields a +0 club.
The goblin wields a +0 hunting sling.
The goblin shoots a sling bullet.
The sling bullet hits you but does no damage.
The goblin hits you but does no damage.
The goblin unwields a +0 hunting sling.
The goblin wields a +0 club.
The goblin hits you but does no damage.
Things that are here:
a +0 dagger; a hobgoblin corpse You slash the goblin!
You kill the goblin!
You barely miss the goblin. The goblin barely misses you.
The goblin hits you with a +0 club. The goblin hits you but does no damage.
You barely miss the goblin. You slash the goblin!
You kill the goblin!
Robin throws the goblin at you! The goblin hits you but does no damage.
Robin hits you from afar with a +0 spear of venom.
You are lethally poisoned!
You have reached level 3!
Your experience leads to an increase in your attributes!
Increase (S)trength, (I)ntelligence, or (D)exterity?
You feel clever. x2
Unknown command.
You slash the goblin!
You kill the goblin!
You feel very sick. Robin hits you but does no damage.
You are more poisoned.
* * * LOW HITPOINT WARNING * * *
You feel very sick.
Robin says, "My army is invincible!"
Things that are here:
a +0 club; a +0 club
* * * LOW HITPOINT WARNING * * *
You feel very sick.
Things that are here:
a +0 club; a +0 club You die...

#####
#...#########g##.#
##......@))ggl.g...
#......##########g.
####.#.#..#####
#.............#
#.##.#.#..###.#.#
#............#
###..#.###.###
##.#.# #.# #.#.#
#.#


You could see Robin, 2 hobgoblins, a goblin and a frilled lizard.

Vanquished Creatures
  9 goblins
  4 hobgoblins
  A ball python (D:1)
  A bat (D:1)
  4 frilled lizards (D:1)
  4 rats (D:1)
23 creatures vanquished.

Notes
Turn   | Place    | Note
-------+----------+-------------------------------------------
     0 | D:1      | cyrus the Hill Orc Fighter began the quest for the Orb.
     0 | D:1      | Reached XP level 1. HP: 19/19 MP: 1/1
   139 | D:1      | Found a faded altar of an unknown god.
   385 | D:1      | Reached XP level 2. HP: 27/27 MP: 2/2
   673 | D:2      | Noticed Robin
   685 | D:2      | Reached XP level 3. HP: 15/33 MP: 3/3
   688 | D:2      | Succumbed to Robin's poison

Illustrated notes

Levels and vault maps discovered:
D:1:      minmay_arrival_solitary_statue, layout_basic,
          chequers_ecumenical_altar_twisty
D:2:      layout_loops_ring, uniq_robin

Skill      XL: |  1  2 |
---------------+-------+-----
Axes           | 3 |  3.2
Fighting       | |  3.9
Armour         | |  3.6
Shields        | |  3.7

Action                   || total
-------------------------++-------
Melee: War axe           ||    45
  Use: Potion            ||     1
Armor: Scale mail        ||    20
       Chain mail        ||    17
Dodge: Dodged            ||    26
Block: Buckler           ||    13

Table legend: (Time is in decaauts)
 A = Elapsed time spent in this place.
 B = Non-inter-level travel time spent in this place.
 C = Inter-level travel time spent in this place.
 D = Time resting spent in this place.
 E = Time spent auto-exploring this place.
 F = Levels seen in this place.
 G = Mean time per level.
                   A        B        C        D        E       F      G
               +--------+--------+--------+--------+--------+-----+--------+
         Total |    705 |    697 |      8 |      0 |    452 |   2 |  352.5 |
       Dungeon |    705 |    697 |      8 |      0 |    452 |   2 |  352.5 |
               +--------+--------+--------+--------+--------+-----+--------+

Top non-repeatable levels by time:
     D:1: 653 daAuts
     D:2: 51 daAuts
